 Dungeon Crawl Stone Soup version 0.18.1-48-g4cf74bf (webtiles) character file.

454 Joat the Covered (level 6, -2/57 HPs)
             Began as a Deep Dwarf Fighter on Aug 10, 2016.
             Slain by an ogre
             ... wielding a +0 giant club
              (18 damage)
             ... on level 5 of the Dungeon.
             The game lasted 00:13:34 (2382 turns).

Joat the Covered (Deep Dwarf Fighter)               Turns: 2382, Time: 00:13:34

Health: -2/57      AC: 12    Str: 23    XL:     6   Next: 76%
Magic:  4/4        EV:  7    Int: 11    God:
Gold:   169        SH: 10    Dex: 11    Spells: 0 memorised, 5 levels left

rFire  . . .     SeeInvis .     a - +0 flail
rCold  . . .     Gourm    .     y - +4 scale mail "Neydus" {MR+ Int+3 Dex-3}
rNeg   . . .     Faith    +     c - +0 shield
rPois  .         Spirit   .     (no helmet)
rElec  .         Dismiss  .     m - +0 cloak
rCorr  .         Reflect  .     (no gloves)
SustAt .         Harm     .     (no boots)
MR     +....                    s - amulet of faith
Stlth  ..........               (no ring)
                                j - +3 ring of strength

@: non-regenerating, somewhat resistant to hostile enchantments, extremely
unstealthy
A: damage resistance, recharge devices, fangs 1, low mp 3, sense surroundings 1,
slow regeneration 3
a: Device Recharging


You were on level 5 of the Dungeon.
You were not hungry.

You visited 1 branch of the dungeon, and saw 5 of its levels.

You collected 169 gold pieces.

Inventory:

Hand Weapons
 a - a +0 flail (weapon)
Missiles
 r - 6 tomahawks (quivered)
 C - a throwing net
Armour
 c - a +0 shield (worn)
 m - a +0 cloak (worn)
 v - a +0 plate armour
 y - the +4 scale mail "Neydus" (worn) {MR+ Int+3 Dex-3}
   (You found it on level 4 of the Dungeon)

   It affects your intelligence (+3).
   It affects your dexterity (-3).
   It affects your resistance to hostile enchantments.
Magical Staves
 t - an uncursed staff of poison
Jewellery
 j - a +3 ring of strength (left hand)
 s - an amulet of faith (around neck)
Wands
 e - a wand of heal wounds (3/9)
 x - a wand of random effects (27/48)
 D - a wand of lightning (10/15)
Scrolls
 b - a scroll of magic mapping {unknown}
 g - a scroll of random uselessness {unknown}
 h - 2 scrolls of noise
 i - 3 scrolls of identify
 k - 2 scrolls of recharging {unknown}
 o - 3 scrolls of remove curse
 p - a scroll of fog {unknown}
 A - a scroll of teleportation {unknown}
Potions
 d - a potion of might
 q - a potion of cure mutation {unknown}
 u - 2 potions of lignification {unknown}
 w - a potion of heal wounds
 z - a potion of agility {unknown}
Comestibles
 f - 3 bread rations
 l - a meat ration
 n - a slice of pizza
 B - 10 chunks of flesh


   Skills:
 + Level 3.9 Fighting
 + Level 4.0 Maces & Flails
 + Level 5.2 Armour
 + Level 5.2 Shields


You had 5 spell levels left.
You didn't know any spells.

Dungeon Overview and Level Annotations

Branches:
Dungeon (5/15)
 Temple: D:4-7

Altars:
Cheibriados
Sif Muna
Vehumet

Annotations:
D:4 exclusion: statue


Innate Abilities, Weirdness & Mutations

You are resistant to damage.
You can recharge devices by infusing magical energy.
You passively map a small area around you.
You do not regenerate naturally.
You have very sharp teeth.
Your magical capacity is extremely low (-30% MP).


Message History

You destroy the hound zombie!
Your Maces & Flails skill increases to level 4!
Found an escape hatch in the floor.
Found a fluorescent wand.
D - a wand of lightning An ogre comes into view.
It is wielding a giant club.
The ogre shouts!
You barely miss the ogre. You block the ogre's attack.
You barely miss the ogre. You block the ogre's attack.
You thump the ogre! You bite the ogre, but do no damage.
The ogre is moderately wounded.
The ogre hits you with a giant club!
* * * LOW HITPOINT WARNING * * *
You hit the ogre.
The ogre is heavily wounded.
You block the ogre's attack.
You hit the ogre.
The ogre is severely wounded.
The ogre hits you with a giant club!!
You die...

,* #.##.#######
..# #..........# *
#.# #..........#
#.# * ##.........#
.# * #.........# *
#.........# * ,
#.........# * *
##.#####.######...
, .......@...#
.##* ###...O#.#.#
, * #....#.#.# * ,
, #....### # , ,
#....., * ,
#.....* , #..... *
* , #.#### * , * ,


You could see an ogre.

Vanquished Creatures
  A phantom (D:4)
  2 hounds
  An orc wizard (D:4)
  An orc priest (D:4)
  5 worker ants (D:4)
  A hound zombie (D:5)
  A hound skeleton (D:4)
  6 adders
  An ooze (D:4)
  An adder skeleton (D:4)
  A worm (D:2)
  A giant gecko (D:1)
  2 orcs (D:4)
  2 giant cockroaches
  3 hobgoblins
  3 jackals (D:3)
  4 kobolds
  A quokka (D:2)
  A ball python (D:4)
  4 bats (D:1)
  3 giant newts
  2 goblins (D:1)
  3 rats
50 creatures vanquished.

Notes
Turn   | Place    | Note
--------------------------------------------------------------
     0 | D:1      | Joat the Deep Dwarf Fighter began the quest for the Orb.
     0 | D:1      | Reached XP level 1. HP: 20/20 MP: 1/1
   237 | D:1      | Reached XP level 2. HP: 17/27 MP: 2/2
   947 | D:2      | Gained mutation: Your body sometimes deteriorates upon taking damage. [potion of mutation]
   947 | D:2      | Gained mutation: Your magical capacity is low (-10% MP). [potion of mutation]
   947 | D:2      | Gained mutation: You have very sharp teeth. [potion of mutation]
  1071 | D:2      | Reached XP level 3. HP: 28/34 MP: 2/2
  1463 | D:4      | Reached XP level 4. HP: 35/42 MP: 3/3
  1557 | D:4      | Reached XP level 5. HP: 40/49 MP: 4/4
  1565 | D:4      | Got a polished scale mail
  1576 | D:4      | Identified the +4 scale mail "Neydus" {MR+ Int+3 Dex-3} (You found it on level 4 of the Dungeon)
  1622 | D:4      | Gained mutation: Your magical capacity is very low (-20% MP). [potion of mutation]
  1622 | D:4      | Gained mutation: Your magical capacity is extremely low (-30% MP). [potion of mutation]
  1622 | D:4      | Lost mutation: Your body sometimes deteriorates upon taking damage. [potion of mutation]
  1874 | D:4      | Found a deep blue altar of Sif Muna.
  1971 | D:4      | Found a snail-covered altar of Cheibriados.
  2065 | D:4      | Noticed a phantom
  2130 | D:4      | Killed a phantom
  2130 | D:4      | Reached skill level 5 in Armour
  2130 | D:4      | Reached XP level 6. HP: 30/57 MP: 4/4
  2181 | D:4      | Found a radiant altar of Vehumet.
  2248 | D:4      | Reached skill level 5 in Shields
  2314 | D:5      | Entered Level 5 of the Dungeon
  2382 | D:5      | Slain by an ogre

Skill      XL: |  1  2  3  4  5  6 |
---------------+-------------------+-----
Fighting       | 3 |  3.9
Armour         | 4 5 |  5.2
Shields        | 4 5 |  5.2
Maces & Flails | 3 4 |  4.0

Action                   |  1- 3 |  4- 6 || total
-------------------------+-------+-------++-------
Melee: Flail             |    87 |   158 ||   245
       Bite              |     3 |    24 ||    27
Evoke: Wand              |     1 |     3 ||     4
  Use: Potion            |     2 |     1 ||     3
       Scroll            |       |     4 ||     4
  Eat: Chunk             |     2 |     3 ||     5
Armor: Scale mail        |    46 |    65 ||   111
       Plate armour      |     3 |    18 ||    21
Dodge: Dodged            |    25 |    40 ||    65
Block: Shield            |    50 |    85 ||   135
